 Dungeon Crawl Stone Soup version 0.30-a0-1161-g0704695555 (webtiles) character file.

Game seed: 7473908602755909963

4 LobsterGuardian the Vexing (level 1, 0/7 HPs)
             Began as a Felid Enchanter on Apr 27, 2023.
             Slain by a quokka (3 damage)
             ... on level 1 of the Dungeon.
             The game lasted 00:01:33 (200 turns).

LobsterGuardian the Vexing (Felid Enchanter)         Turns: 200, Time: 00:01:33

Health: 0/7        AC:  1    Str:  4    XL:     1   Next: 50%
Magic:  4/4        EV: 17    Int: 16    God:
Gold:   27         SH:  0    Dex: 16    Spells: 4/4 levels left
                                        Lives:  0   Deaths: 0

rFire   . .          .
                       - Unarmed
rCold   . . .        (shield unavailable)
rNeg    . . .        (body armour unavailable)
rPois   .            (helmet unavailable)
rElec   .            (cloak unavailable)
rCorr   .            (gloves unavailable)
SInv    +            (boots unavailable)
Will    .....        (no amulet)
Stlth   +++          (no ring)
HPRegen 0.21/turn    (no ring)
MPRegen 0.09/turn

%: no passive effects
@: quick
A: very small, claws 1, fangs 3, see invisible, speed 1, shaggy fur 1, stealthy
paws, no weapons or thrown items, no armour, multi-lived
a: no special abilities


You were on level 1 of the Dungeon.
You visited 1 branch of the dungeon, and saw 1 of its levels.

You collected 27 gold pieces.

Inventory:

Scrolls
 b - a scroll of fear {unknown}
 c - a scroll of amnesia {unknown}
Potions
 a - 2 potions of invisibility


   Skills:
 + Level 2.8 Dodging
 + Level 4.1 Stealth
 + Level 1.0 Unarmed Combat
 + Level 2.0 Spellcasting
 + Level 4.6 Hexes


You had 4 spell levels left.
You didn't know any spells.
Your spell library contained the following spells:

 Spells                   Type           Power      Damage    Failure   Level
 Confusing Touch          Hex            16%        N/A       10%         3
 Tukima's Dance           Hex            16%        N/A       10%         3
 Ensorcelled Hibernation  Hex/Ice        18%        N/A       12%         2
 Dazzling Flash           Conj/Hex       18%        N/A       24%         3


Dungeon Overview and Level Annotations

Branches:
Dungeon (1/15)

Altars:


Innate Abilities, Weirdness & Mutations

You have sharp claws.
You have razor-sharp teeth.
You have supernaturally acute eyesight. (SInv)
You cover ground quickly. (Speed+)
You are covered in fur. (AC +1)
Your paws help you pounce on unaware monsters.
You are incapable of wielding weapons or throwing items.
You cannot wear armour.
You gain extra lives every three experience levels.


Message History

A kobold comes into view. It is wielding a +0 whip of pain.
You hear a bark!
The kobold shouts!
The kobold throws a stone.
The stone completely misses you.
There is a faded altar of an unknown god here.
This altar belongs to (a) Elyvilon, (b) Yredelemnul or (c) Ashenzari, but you can't tell which.
Press the corresponding letter to learn more about a god, or press enter to convert or escape to cancel.
Okay, then.
Press: ? - help, v - describe, . - travel
Here: a kobold, wielding a +0 whip of pain The floor.
Unknown command.
You closely miss the kobold.
The kobold hits you with a +0 whip of pain.
Ouch! That really hurt!
You writhe in agony.
* * * LOW HITPOINT WARNING * * *
You scratch the kobold. Your bite misses the kobold.
The kobold is severely wounded.
The kobold barely misses you.
A giant cockroach comes into view.
Welcome back, LobsterGuardian the Felid Enchanter.
Press ? for a list of commands and other information.
Found a stone staircase leading down.
The kobold throws a stone.
The stone closely misses you.
A quokka comes into view.
Found 14 gold pieces.
You closely miss the quokka. You bite the quokka, but do no damage.
The quokka closely misses you.
You scratch the quokka. You bite the quokka.
The quokka is severely wounded.
The quokka completely misses you.
You closely miss the quokka.
The quokka is severely wounded.
The quokka bites you.
Ouch! That really hurt!
You are too injured to fight recklessly!
You scratch the quokka but do no damage.
The quokka is heavily wounded.
The quokka bites you.
You die...

#.....#$....#.##
...>...........###
#........K...r.K.#
.#......B...####B#
r############ #.#
.# ######K# ..
+...##.# .##
#.<.##r#
###########...##@#
#.......###'###.#
#.......###'###.#
##.⌠.⌠.⌠.#.......#
##.......+..>....##
##.†.....#........#
.##'###+#########.#
.##.....# #.#
......#.## ##.#


You could see a quokka, a giant cockroach and 2 kobolds.

Vanquished Creatures
  A ball python (D:1)
  3 frilled lizards (D:1)
  A kobold (D:1)
5 creatures vanquished.

Notes
Turn   | Place    | Note
-------+----------+-------------------------------------------
     0 | D:1      | LobsterGuardian the Felid Enchanter began the quest for the
                  | Orb.
     0 | D:1      | Reached XP level 1. HP: 7/7 MP: 4/4
   139 | D:1      | Found a faded altar of an unknown god.
   200 | D:1      | Slain by a quokka

Illustrated notes

Levels and vault maps discovered:
D:1:      dpeg_arrival_simpleton_b, layout_basic,
          shapermc_ecumenical_altar_mp_highgroup, serial_shops, shop

Action                     || total
---------------------------++-------
  Melee: Unarmed           ||    14
         Bite              ||     2
   Stab: Sleeping          ||     2
  Dodge: Dodged            ||    13

Table legend: (Time is in decaauts)
 A = Elapsed time spent in this place.
 B = Non-inter-level travel time spent in this place.
 C = Inter-level travel time spent in this place.
 D = Time resting spent in this place.
 E = Time spent auto-exploring this place.
 F = Levels seen in this place.
 G = Mean time per level.
                   A        B        C        D        E       F      G
               +--------+--------+--------+--------+--------+-----+--------+
         Total |    164 |    164 |      0 |      0 |     78 |   1 |  164.0 |
       Dungeon |    164 |    164 |      0 |      0 |     78 |   1 |  164.0 |
               +--------+--------+--------+--------+--------+-----+--------+

Top non-repeatable levels by time:
     D:1: 164 daAuts
